 Dungeon Crawl Stone Soup version 0.22-a0-580-gd5db89c (webtiles) character file.

58 Amnesiac the Sneak (level 3, -3/16 HPs)
             Began as a Spriggan Wanderer on July 3, 2018.
             Slain by a kobold
             ... wielding a +0 dagger
              (4 damage)
             ... in a sewer.
             The game lasted 00:02:22 (1155 turns).

Amnesiac the Sneak (Spriggan Wanderer)              Turns: 1155, Time: 00:02:23

Health: -3/16      AC:  2    Str:  9    XL:     3   Next: 75%
Magic:  9/9        EV: 15    Int: 19    God:
Gold:   80         SH:  0    Dex: 14    Spells: 5/9 levels left

rFire    . . .     SeeInvis +   c - +2 whip (venom)
rCold    . . .     Gourm    .   (shield restricted)
rNeg     . . .     Faith    .   d - +0 robe
rPois    .         Spirit   .   (helmet restricted)
rElec    .         Reflect  .   (no cloak)
rCorr    .         Harm     .   (gloves unavailable)
MR       .....                  (boots unavailable)
Stlth    +++.......             (no amulet)
HPRegen  0.05/turn              (no ring)
MPRegen  0.11/turn              (no ring)

@: brilliant, very quick
A: very small, unfitting armour, see invisible, herbivore, speed 3, slow
metabolism 2
a: no special abilities


You were in a sewer.
You were not hungry.

You visited 1 branch of the dungeon, and saw 3 of its levels.
You also visited: Sewer.

You collected 80 gold pieces.

Inventory:

Hand Weapons
 a - a +2 short sword
 c - a +2 whip of venom (weapon)
 e - a +0 dagger
Armour
 d - a +0 robe (worn)
Scrolls
 b - 3 scrolls of teleportation {!r}
 i - a scroll of remove curse {!r, unknown}
 l - a scroll of fog {!r, unknown}
 n - a scroll of identify {!r, unknown}
Potions
 j - a potion of invisibility {!q, unknown}
 k - a potion of agility {!q, unknown}
 m - a potion of flight {!q, unknown}
 o - a potion of curing {!q, unknown}
Comestibles
 f - 3 rations


   Skills:
 + Level 3.9 Short Blades
 - Level 6.0 Stealth
 * Level 3.8 Spellcasting
 - Level 1.5 Fire Magic


You had 5 spell levels left.
You knew the following spells:

 Your Spells              Type           Power        Failure   Level  Hunger
a - Flame Tongue          Conj/Fire      ###..        1%          1    None
s - Conjure Flame         Conj/Fire      ###.....     3%          3    ###....

Your spell library contained the following spells:

 Spells                   Type           Power        Failure   Level  Hunger


Dungeon Overview and Level Annotations

Branches:
Dungeon (3/15)

Altars:
Qazlal


Innate Abilities, Weirdness & Mutations

You are very small and have problems with some larger weapons.
You are too small for most types of armour.
You have supernaturally acute eyesight. (SInv)
You are a herbivore.
You cover ground extremely quickly.
You need to consume almost no food.


Message History

HP restored.
You start resting.
HP restored.
You already know all available spells.
Adjust (i)tems, (s)pells, or (a)bilities?
Adjust which spell?
Okay, then.
You open the large door. 3 kobolds and a big kobold come into view.
A kobold is wielding a dagger of speed.
The kobold moves out of view.
Found a fizzy red potion, a golden potion and an emerald potion.
Found a gate leading back out of this place.
A kobold comes into view. It is wielding a dagger.
The kobold shouts! x3
The kobold hits you with a club. The kobold completely misses you.
The big kobold shouts!
Found a blue potion.
There is a large open door, spattered with blood here.
You miss the kobold. The kobold misses you. The kobold completely misses you.
You hit the kobold.
The kobold is severely wounded.
The kobold hits you with a dagger. The kobold misses you.
The kobold barely misses you.
You hit the kobold.
You kill the kobold!
The kobold hits you but does no damage. The kobold barely misses you.
You hit the kobold.
You kill the kobold!
The kobold throws a stone.
The stone hits you but does no damage. The kobold hits you with a dagger.
* * * LOW HITPOINT WARNING * * *
The big kobold throws a stone.
The stone closely misses you.
You barely miss the kobold.
The kobold throws a stone.
The stone hits you.
* * * LOW HITPOINT WARNING * * *
The kobold hits you with a dagger.
* * * LOW HITPOINT WARNING * * *
Really quaff
g - a pink potion {!q}?
It was a potion of brilliance {!q}.
You feel clever all of a sudden.
Really quaff
h - an orange potion {!q}?
It was a potion of ambrosia {!q}.
You are confused.
You feel invigorated.
You bump into the rock wall.
The big kobold hits you.
* * * LOW HITPOINT WARNING * * *
You bump into the rock wall.
You feel less invigorated.
You feel less confused.
You hit the kobold but do no damage.
The kobold is poisoned.
The kobold closely misses you.
The kobold throws a stone.
The stone completely misses you. The big kobold misses you.
You barely miss the big kobold. The kobold barely misses you.
The kobold throws a stone.
The stone closely misses you. The big kobold hits you.
* * * LOW HITPOINT WARNING * * *
The kobold closely misses you.
You hit the big kobold.
The big kobold is poisoned.
The big kobold is lightly wounded.
The kobold throws a stone.
The stone misses you. The big kobold hits you.
* * * LOW HITPOINT WARNING * * *
The kobold hits you with a dagger.
* * * LOW HITPOINT WARNING * * *
The kobold hits you with a dagger.
You die...

≈≈≈≈ ≈≈ ≈≈≈≈ ≈≈≈≈
#≈#######≈##############
P≈≈P..P≈P≈≈P≈P.≈≈≈#!!..#
≈≈≈...≈≈≈≈≈≈.P..≈≈').∩.#
.≈.......≈≈P...≈≈.()!..#
................K.#.!..#
...............K@#######
........†......K(#
P..............###
...P.......#####
##..####.### #### ###


You could see a big kobold and 2 kobolds.

Vanquished Creatures
  An adder (Sewer)
  A river rat (D:3)
  A worm (D:2)
  A dart slug (D:1)
  4 bats
  4 giant cockroaches
  5 goblins (D:1)
  A hobgoblin (D:1)
  7 kobolds
  A quokka (D:3)
  3 ball pythons
  4 frilled lizards
  3 rats
36 creatures vanquished.

Notes
Turn   | Place    | Note
-------+----------+-------------------------------------------
     0 | D:1      | Amnesiac the Spriggan Wanderer began the quest for the Orb.
     0 | D:1      | Amnesiac set off with: a +2 short sword, a scroll of teleportation {!r}, a +0 robe, a +0 dagger, a ration
     0 | D:1      | Reached XP level 1. HP: 9/9 MP: 3/3
    10 | D:1      | Learned a level 1 spell: Flame Tongue
    21 | D:1      | Reached skill level 6 in Stealth
   149 | D:1      | Reached XP level 2. HP: 13/13 MP: 4/6
   585 | D:2      | Found a stormy altar of Qazlal.
   654 | D:3      | Reached XP level 3. HP: 6/16 MP: 8/8
   670 | D:3      | Found a glowing drain.
   709 | Sewer    | Entered a sewer
   982 | Sewer    | Learned a level 3 spell: Conjure Flame
  1138 | Sewer    | Noticed a big kobold
  1155 | Sewer    | Slain by a kobold

Vault maps used:
D:1:      minmay_arrival_stair_chambers, nrook_mini_vaults
D:2:      grunt_qazlal_sundering, minivault_26, minmay_octomino_e4
D:3:      tgw_fedhas, cheibrodos_sewer_entry_sluice
Sewer:    kennysheep_pipe_town

Skill      XL: |  1  2 |
---------------+-------+-----
Stealth        | 6 |  6.0
Spellcasting   | 2 3 |  3.8
Short Blades   | |  3.9
Fire Magic     | |  1.5

Action                   || total
-------------------------++-------
Melee: Short sword       ||    15
       Whip              ||    62
 Cast: Flame Tongue      ||    11
  Use: Potion            ||     2
 Stab: Sleeping          ||     5
Armor: Robe              ||     8
Dodge: Dodged            ||    65

Table legend:
 A = Spawn XP
 B = Non-spawn XP
 C = Spawn XP percentage of total XP
 D = Spawn monster count
 E = Non-spawn monster count
 F = Spawn count percentage of total count
 G = Total turns spent on level
                    A         B        C        D         E        F      G
               +---------+---------+-------+---------+---------+-------+---------
         Total |       0 |      83 |   0.0 |       0 |      36 |   0.0 |  1155
               +---------+---------+-------+---------+---------+-------+---------
           D:1 |       0 |      27 |   0.0 |       0 |      16 |   0.0 |   370
           D:2 |       0 |       8 |   0.0 |       0 |       3 |   0.0 |   243
           D:3 |       0 |      24 |   0.0 |       0 |       8 |   0.0 |    96
         Sewer |       0 |      24 |   0.0 |       0 |       9 |   0.0 |   446
               +---------+---------+-------+---------+---------+-------+---------
